 Dungeon Crawl Stone Soup version 0.31-a0-876-gfe8ebadbca (webtiles) character file.

Game seed: 8653498849734026759

2712 kae the Geomancer (level 9, -7/45 HPs)
             Began as a Gargoyle Earth Elementalist on Oct 13, 2023.
             Was a Follower of Vehumet.
             Killed by divine providence
             ... invoked by an orc priest
              (10 damage)
             ... on level 7 of the Dungeon.
             The game lasted 00:07:32 (6820 turns).

kae the Geomancer (Gargoyle Earth Elementalist)     Turns: 6820, Time: 00:07:33

Health: -7/45      AC:  9    Str: 13    XL:     9   Next: 66%
Magic:  7/18       EV: 12    Int: 19    God:    Vehumet [*.....]
Gold:   337        SH:  0    Dex: 16    Spells: 10/20 levels left

rFire   . . .        w - +5 quarterstaff (flame)
rCold   . . .        (shield currently unavailable)
rNeg    + . .        a - +0 robe
rPois   ∞            (no helmet)
rElec   +            k - +0 cloak
rCorr   .            (no gloves)
SInv    .            (no boots)
Will    .....        (no amulet)
Stlth   ++           D - +6 ring of dexterity
HPRegen 0.27/turn    Z - ring of wizardry
MPRegen 0.16/turn

%: wizardry (x1)
@: no status effects
A: sickness immunity, AC +6, negative energy resistance 1, electricity
resistance, torment resistance 1, petrification resistance
a: Renounce Religion


You were on level 7 of the Dungeon.
You worshipped Vehumet.
Vehumet was aware of your devotion.
You visited 2 branches of the dungeon, and saw 8 of its levels.

You collected 337 gold pieces.


Innate Abilities, Weirdness & Mutations

You are immune to sickness and miasma.
Your stone body is resilient. (AC +6)
You are immune to poison.
You resist negative energy. (rN+)
You are resistant to electric shocks. (rElec)
You are resistant to unholy torment.
You are immune to petrification.


   Skills:
 + Level 3.9 Staves
 - Level 1.5 Dodging
 - Level 2.1 Stealth
 + Level 6.0 Spellcasting
 + Level 4.7 Transmutations
 * Level 11.1 Earth Magic


You had 10 spell levels left.
You knew the following spells:

 Your Spells              Type           Power      Damage    Failure   Level
a - Sandblast             Erth           96%        2d20      1%          1
b - Stone Arrow           Conj/Erth      52%        3d10      1%          3
c - Passwall              Tmut/Erth      29%        N/A       1%          2
d - Brom's Barrelling Bo  Conj/Erth      26%        2d5       4%          4

Your spell library contained the following spells:

 Spells                   Type           Power      Damage    Failure   Level
 Shock                    Conj/Air       20%        1d4       4%          1
 Petrify                  Tmut/Erth      35%        N/A       1%          4
 Magic Dart               Conj           20%        1d4       4%          1
 Searing Ray              Conj           10%        2d4       7%          2
 Fulminant Prism          Conj/Hex       2%         3d5       38%         4

Inventory:

Hand Weapons
 g - a +0 short sword
   (You took it off a kobold on level 1 of the Dungeon)
 i - a +1 dagger of pain
   (You took it off a kobold on level 2 of the Dungeon)
 w - a +5 quarterstaff of flaming (weapon)
   (You took it off an orc wizard on level 5 of the Dungeon)
Missiles
 c - 12 boomerangs
 f - 60 stones
 l - 4 javelins
 s - 11 poisoned darts
Armour
 a - a +0 robe (worn)
 k - a +0 cloak (worn)
   (You found it on level 1 of the Dungeon)
Magical Staves
 y - a staff of cold {!a}
   (You found it on level 6 of the Dungeon)
 I - a staff of fire {!a}
   (You found it on level 7 of the Dungeon)
Jewellery
 z - a ring of wizardry
   (You found it on level 5 of the Dungeon)
 C - a ring of ice
   (You found it on level 5 of the Dungeon)
 D - a +6 ring of dexterity (left hand)
   (You found it on level 2 of the Dungeon)
 E - a +5 ring of evasion
   (You found it on level 6 of the Dungeon)
 F - a ring of protection from fire
   (You found it on level 6 of the Dungeon)
 Z - a ring of wizardry (right hand)
   (You found it on level 4 of the Dungeon)
Wands
 u - a wand of charming (6)
   (You found it on level 4 of the Dungeon)
 G - a wand of flame (26)
   (You took it off Blork the orc on level 6 of the Dungeon)
Scrolls
 e - 2 scrolls of amnesia
 t - 2 scrolls of teleportation {@r4}
 v - a scroll of enchant armour {unknown}
 H - a scroll of enchant weapon {unknown}
 J - a scroll of immolation {unknown}
Potions
 b - a potion of magic
 d - 3 potions of heal wounds {@q2}
 h - a potion of enlightenment {unknown}
 j - 2 potions of attraction {!q}
 m - 2 potions of curing {@q1}
 n - a potion of invisibility {unknown}
 o - a potion of lignification {unknown}
 p - 3 potions of ambrosia {unknown}
 q - a potion of resistance {unknown}
 r - a potion of haste {@q3}
 x - a potion of might
 A - a potion of berserk rage {unknown}
 B - a potion of cancellation

Dungeon Overview and Level Annotations

Branches:
Dungeon (7/15) Zot: 26367  Temple (1/1) D:5 Zot: 5961

Altars:
Ashenzari
Cheibriados
Dithmenos
Elyvilon
Fedhas
Gozag
Hepliaklqana
Makhleb
Nemelex Xobeh
Qazlal
Ru
Sif Muna
Trog
Uskayaw
Vehumet
Wu Jian
Xom
Yredelemnul
Zin

Shops:
D:4

=[ ...# #........# ##.#
#### #.#...##.# #.#
#....###.# #.# #........#
#'# # ##.####### #... ##
#.## #.... .## #..##
#..... ..#
..##########...####......
..+
..z...).@.)oo.....°.*....
..#
..##########...####......
.## #..## #..o.. ## #.##
#.... # #.# #o.. #.# #'#
#.# .# #.# #


You could see a wight, an orc priest and an orc.


Message History

😨 HP[-12]
You take 12 damage, and now have 20/45 hp.
MASSIVE DAMAGE!! (PAUSE)
Casting: Sandblast (safe; 1% risk of failure)
Confirm with . or Enter, or press ? or * to list all spells.
Aiming: Sandblast (safe; 1% risk of failure)
Press: ? - help, Shift-Dir - straight line, f/p - orc wizard
Aim: an orc wizard, wielding a +0 dagger and wearing a +0 robe (81% to hit)
The blast of sand hits the orc wizard!!
You kill the orc wizard!
Vehumet accepts your kill.
You feel your power returning.
The orc priest casts a cantrip, but nothing happens. 😨 HP[+1]
Casting: Sandblast (safe; 1% risk of failure)
Confirm with . or Enter, or press ? or * to list all spells.
Aiming: Brom's Barrelling Boulder (dangerous; 4% risk of failure)
Press: ? - help, Dir - move target, f - orc priest
Aim: an orc priest, wielding a +0 short sword and wearing a +0 chain mail (100% to hit)
You send a boulder barrelling forward!
The orc priest mumbles some strange prayers to Beogh against you.
Beogh smites you!
* * * LOW HITPOINT WARNING * * *
😱 HP[-14] MP[-3]
You take 14 damage, and now have 7/45 hp.
MASSIVE DAMAGE!! (PAUSE)
You lost 3 mp, and now have 13/17 mp.
The boulder barrels into the orc priest!
The orc priest is knocked back.
The boulder barrels into the orc priest!
The orc is knocked back.
The orc priest is knocked back.
Unknown command.
The boulder barrels into the orc priest!
The orc priest is knocked back.
The boulder barrels into the orc priest!
Unknown command. 😱 HP[+1]
Casting: Brom's Barrelling Boulder (dangerous; 4% risk of failure)
Confirm with . or Enter, or press ? or * to list all spells.
Aiming: Brom's Barrelling Boulder (dangerous; 4% risk of failure)
Press: ? - help, Dir - move target, f - orc priest
Aim: an orc priest, wielding a +0 short sword and wearing a +0 leather armour (100% to hit)
You send a boulder barrelling forward!
The orc priest looks encouraged for a moment. 😱 MP[-4]
You lost 4 mp, and now have 9/17 mp. 😱 HP[+1] MP[+1] 2 wights come into view.
A wight is wielding a +2 trident of freezing.
The boulder barrels into the orc priest!
Casting: Brom's Barrelling Boulder (dangerous; 4% risk of failure)
Confirm with . or Enter, or press ? or * to list all spells.
Aiming: Sandblast (safe; 1% risk of failure)
Press: ? - help, Shift-Dir - straight line, f - wight
Aim: a wight, wielding a +0 long sword and wearing a +0 robe (85% to hit)
The blast of sand hits the wight! 😱 HP[+1] MP[-1]
You lost 1 mp, and now have 9/17 mp.
Casting: Sandblast (safe; 1% risk of failure)
Confirm with . or Enter, or press ? or * to list all spells.
Aiming: Sandblast (safe; 1% risk of failure)
Press: ? - help, Shift-Dir - straight line, f/p - wight
Aim: a wight, wielding a +0 long sword and wearing a +0 robe (almost destroyed, 85% to hit)
The blast of sand hits the wight!
You destroy the wight!
Vehumet accepts your kill.
You feel your power returning. 😱 MP[+1]
Casting: Sandblast (safe; 1% risk of failure)
Confirm with . or Enter, or press ? or * to list all spells.
Aiming: Sandblast (safe; 1% risk of failure)
Press: ? - help, Shift-Dir - straight line, f - orc priest
Aim: an orc priest, wielding a +0 short sword and wearing a +0 leather armour (moderately wounded, 85% to hit)
The blast of sand misses the orc priest.
The orc priest calls down the wrath of Beogh upon you.
Beogh smites you!
* * * LOW HITPOINT WARNING * * *
😱 HP[-8] MP[-1]
You take 8 damage, and now have 2/45 hp.
You lost 1 mp, and now have 9/17 mp.
Casting: Sandblast (safe; 1% risk of failure)
Confirm with . or Enter, or press ? or * to list all spells.
Aiming: Sandblast (safe; 1% risk of failure)
Press: ? - help, Shift-Dir - straight line, f/p - orc priest
Aim: an orc priest, wielding a +0 short sword and wearing a +0 leather armour (moderately wounded, 85% to hit)
The blast of sand hits the orc priest!!
You kill the orc priest!
Vehumet accepts your kill.
The orc priest looks encouraged for a moment.
Your Spellcasting skill increases to level 6! 😱 MP[-1]
Casting: Sandblast (safe; 1% risk of failure)
Confirm with . or Enter, or press ? or * to list all spells.
Aiming: Sandblast (safe; 1% risk of failure)
Press: ? - help, Shift-Dir - straight line, f - orc
Aim: an orc, wielding a +0 war axe and wearing a +0 leather armour (85% to hit)
The blast of sand hits the orc.
The orc priest mumbles some strange prayers to Beogh against you.
Beogh smites you!
You die...

Skill      XL: |  1  2  3  4  5  6  7  8  9 |
---------------+----------------------------+-----
Transmutations | 1 2 3 4 |  4.7
Earth Magic    | 4 5 6 7 8 10 11 | 11.1
Spellcasting   | 3 4 5 6 |  6.0
Staves         | 2 3 |  3.9
Dodging        | |  1.5
Stealth        | |  2.1

Action                     |  1- 3 |  4- 6 |  7- 9 || total
---------------------------+-------+-------+-------++-------
  Melee: Unarmed           |    25 |       |       ||    25
         Punch             |     1 |       |       ||     1
         Short sword       |    35 |    22 |       ||    57
         Dagger            |       |    30 |     6 ||    36
         Quarterstaff      |       |       |     7 ||     7
   Cast: Sandblast         |    30 |    83 |   103 ||   216
         Stone Arrow       |       |       |    16 ||    16
         Brom's Barrelling |       |       |     6 ||     6
    Use: Scroll            |     3 |     2 |     6 ||    11
         Potion            |       |     1 |       ||     1
   Stab: Sleeping          |     1 |     1 |       ||     2
 Armour: Robe              |    70 |    78 |    42 ||   190
  Dodge: Dodged            |    64 |    62 |    27 ||   153

Levels and vault maps discovered:
D:1:      saegor_arrival_fortress, layout_rooms,
          shapermc_ecumenical_altar_totnotflames, hex_intersection
D:2:      layout_basic, chequers_hall_statues_corner_a, uniq_sigmund
D:3:      layout_basic, mainiacjoe_overflow_six_doors_small
D:4:      layout_basic, kennysheep_mini, fiery_altar_vehumet, serial_shops,
          shop, shop, minmay_three_crescents
D:5:      layout_loops_ring, beargit_hepliaklqana_dungeon_heroes,
          minmay_temple_entry_grid, uniq_prince_ribbit1
D:6:      layout_basic, uniq_duvessa, uniq_grinder, uniq_blork_the_orc
D:7:      layout_loops_corners
Temple:   nicolae_temple_no_exploring_needed

Notes
Turn   | Place    | Note
-------+----------+-------------------------------------------
     0 | D:1      | kae the Gargoyle Earth Elementalist began the quest for the
                  | Orb.
     0 | D:1      | Reached XP level 1. HP: 10/10 MP: 3/3
     0 | D:1      | magus.rc [v1.11.3]
   162 | D:1      | You pick up a book of Conjurations and begin reading...
   162 | D:1      | You add the spells Magic Dart, Searing Ray and Fulminant
                  | Prism to your library.
   201 | D:1      | Reached skill level 1 in Transmutations
   212 | D:1      | Reached skill level 4 in Earth Magic
   212 | D:1      | Reached XP level 2. HP: 11/15 MP: 0/5
   327 | D:1      | HP: 3/15 [hobgoblin (1)]
   611 | D:1      | Found a faded altar of an unknown god.
   653 | D:1      | Reached XP level 3. HP: 15/19 MP: 6/6
   842 | D:1      | Reached skill level 5 in Earth Magic
   842 | D:1      | Reached XP level 4. HP: 10/24 MP: 4/8
   842 | D:1      | HP: 6/24 [orc/+0 club (4)]
   850 | D:1      | HP: 6/24 [orc/+0 hand axe (2)]
   851 | D:1      | HP: 1/24 [orc/+0 hand axe (5)]
   988 | D:2      | Learned a level 3 spell: Stone Arrow
  1124 | D:2      | Noticed Sigmund
  1466 | D:2      | Reached skill level 3 in Spellcasting
  1838 | D:2      | Reached XP level 5. HP: 28/28 MP: 7/9
  1880 | D:2      | Killed Sigmund
  1881 | D:2      | Reached skill level 2 in Transmutations
  1881 | D:2      | Reached skill level 6 in Earth Magic
  1881 | D:2      | Reached XP level 6. HP: 19/32 MP: 7/11
  2579 | D:3      | Found an opulent altar of Gozag.
  2792 | D:3      | Reached skill level 7 in Earth Magic
  3348 | D:4      | Found a radiant altar of Vehumet.
  3359 | D:4      | Found Voker's Armour Shoppe.
  3644 | D:4      | Reached XP level 7. HP: 28/36 MP: 6/12
  3725 | D:4      | Found Cuopoihus's Jewellery Shoppe.
  3811 | D:4      | Found a white marble altar of Elyvilon.
  3953 | D:5      | Entered Level 5 of the Dungeon
  3995 | D:5      | Reached skill level 4 in Spellcasting
  4341 | D:5      | Reached skill level 8 in Earth Magic
  4474 | D:5      | Found a hazy altar of Hepliaklqana.
  4476 | D:5      | Found a faded altar of an unknown god.
  4481 | D:5      | HP: 7/36 [something/magic dart (5)]
  4693 | D:5      | Noticed Prince Ribbit
  4699 | D:5      | Killed Prince Ribbit
  4700 | D:5      | Reached skill level 3 in Transmutations
  4700 | D:5      | Reached XP level 8. HP: 41/41 MP: 11/14
  4770 | D:5      | Found a staircase to the Ecumenical Temple.
  4854 | Temple   | Entered the Ecumenical Temple
  4924 | D:4      | Became a worshipper of Vehumet
  5077 | D:6      | Noticed Grinder
  5079 | D:6      | Paralysed by Grinder for 4 turns
  5083 | D:6      | Killed Grinder
  5084 | D:6      | Reached skill level 1 in Staves
  5084 | D:6      | Reached skill level 9 in Earth Magic
  5247 | D:6      | Reached skill level 5 in Spellcasting
  5408 | D:6      | Reached skill level 2 in Staves
  5565 | D:6      | Reached skill level 4 in Transmutations
  5737 | D:6      | Reached skill level 10 in Earth Magic
  5737 | D:6      | Reached XP level 9. HP: 45/45 MP: 13/16
  5740 | D:6      | Learned a level 2 spell: Passwall
  5745 | D:6      | Learned a level 4 spell: Brom's Barrelling Boulder
  5871 | D:6      | Noticed Blork the orc
  5880 | D:6      | Killed Blork the orc
  5925 | D:6      | Noticed Dowan
  5926 | D:6      | Noticed Duvessa
  5949 | D:6      | Killed Duvessa
  5950 | D:6      | Reached skill level 3 in Staves
  5956 | D:6      | Killed Dowan
  5996 | D:6      | Reached * piety under Vehumet
  5996 | D:6      | Offered knowledge of Shock by Vehumet.
  6743 | D:7      | Reached skill level 11 in Earth Magic
  6805 | D:7      | HP: 7/45 [orc priest/divine providence (14)]
  6818 | D:7      | HP: 2/45 [orc priest/divine providence (9)]
  6820 | D:7      | Reached skill level 6 in Spellcasting
  6820 | D:7      | Killed from afar by an orc priest

Vanquished Creatures
  Grinder (D:6)
  Prince Ribbit (D:5)
  Sigmund (D:2)
  Duvessa (D:6)
  2 sky beasts
  3 ice beasts
  3 black bears
  2 ogres
  A phantom (D:3)
  Blork the orc (D:6)
  3 scorpions
  A wight (D:7)
  Dowan (D:6)
  4 howler monkeys (D:7)
  2 jellies
  A hound (D:6)
  2 orc priests
  A sleepcap (D:6)
  An iguana (D:6)
  4 orc wizards
  7 gnolls
  8 adders
  A white imp (D:5)
  2 ufetubi
  6 dart slugs
  26 orcs
  9 ball pythons
  8 endoplasms
  3 giant cockroaches
  10 hobgoblins
  4 jackals (D:1)
  3 quokkas
  4 bats
  6 frilled lizards
  9 goblins
  7 kobolds
  7 rats
156 creatures vanquished.

Vanquished Creatures (collateral kills)
  3 boulders (D:6)
3 creatures vanquished.

Vanquished Creatures (others)
  An orc (D:4)
  A kobold (D:4)
2 creatures vanquished.

Grand Total: 161 creatures vanquished

Table legend:
 A = Non-vault XP
 B = Vault XP
 C = Vault XP percentage of total XP
 D = Non-vault monster count
 E = Vault monster count
 F = Vault count percentage of total count
                 A         B        C        D         E       F
            +---------+---------+-------+---------+---------+-------
      Total |    2713 |    1162 |  30.0 |     143 |      13 |   8.3
            +---------+---------+-------+---------+---------+-------
        D:1 |     100 |       0 |   0.0 |      34 |       0 |   0.0
        D:2 |      78 |     231 |  74.8 |      25 |       1 |   3.8
        D:3 |     136 |       0 |   0.0 |      16 |       0 |   0.0
        D:4 |      72 |      16 |  18.2 |      14 |       6 |  30.0
        D:5 |     353 |     291 |  45.2 |      13 |       2 |  13.3
        D:6 |     929 |     624 |  40.2 |      24 |       4 |  14.3
        D:7 |    1045 |       0 |   0.0 |      17 |       0 |   0.0
            +---------+---------+-------+---------+---------+-------

Skill      XL: |  1  2  3  4  5  6  7  8  9 |
---------------+----------------------------+-----
Transmutations | 1 2 3 4 |  4.7
Earth Magic    | 4 5 6 7 8 10 11 | 11.1
Spellcasting   | 3 4 5 6 |  6.0
Staves         | 2 3 |  3.9
Dodging        | |  1.5
Stealth        | |  2.1

Action                     |  1- 3 |  4- 6 |  7- 9 || total
---------------------------+-------+-------+-------++-------
  Melee: Unarmed           |    25 |       |       ||    25
         Punch             |     1 |       |       ||     1
         Short sword       |    35 |    22 |       ||    57
         Dagger            |       |    30 |     6 ||    36
         Quarterstaff      |       |       |     7 ||     7
   Cast: Sandblast         |    30 |    83 |   103 ||   216
         Stone Arrow       |       |       |    16 ||    16
         Brom's Barrelling |       |       |     6 ||     6
    Use: Scroll            |     3 |     2 |     6 ||    11
         Potion            |       |     1 |       ||     1
   Stab: Sleeping          |     1 |     1 |       ||     2
 Armour: Robe              |    70 |    78 |    42 ||   190
  Dodge: Dodged            |    64 |    62 |    27 ||   153

Illustrated notes

Table legend:
 A = Kills in this place as a percentage of kills in the entire game.
 B = Kills by you in this place as a percentage of kills by you in the entire game.
 C = Kills by friends in this place as a percentage of kills by friends in the entire game.
 D = Other kills in this place as a percentage of other kills in the entire game.
 E = Experience gained in this place as a percentage of experience gained in the entire game.
 F = Experience gained in this place divided by the number of levels of this place that you have seen.
                   A       B       C       D       E      F
               +-------+-------+-------+-------+-------+----------------------
         Total | 100.0 | 100.0 |   N/A |   N/A | 100.0 | 484.4
       Dungeon | 100.0 | 100.0 |   N/A |   N/A | 100.0 | 553.6
               +-------+-------+-------+-------+-------+----------------------

Table legend: (Time is in decaauts)
 A = Elapsed time spent in this place.
 B = Non-inter-level travel time spent in this place.
 C = Inter-level travel time spent in this place.
 D = Time resting spent in this place.
 E = Time spent auto-exploring this place.
 F = Levels seen in this place.
 G = Mean time per level.
                   A        B        C        D        E       F      G
               +--------+--------+--------+--------+--------+-----+--------+
         Total |   6927 |   6759 |    168 |    222 |   5440 |   8 |  865.9 |
       Dungeon |   6888 |   6721 |    167 |    222 |   5440 |   7 |  984.0 |
        Temple |     38 |     38 |      0 |      0 |      0 |   1 |   38.0 |
               +--------+--------+--------+--------+--------+-----+--------+

Top non-repeatable levels by time:
     D:2: 1356 daAuts
     D:6: 1148 daAuts
     D:3: 1036 daAuts
     D:5: 995 daAuts
     D:1: 940 daAuts
     D:4: 779 daAuts
     D:7: 631 daAuts
  Temple: 38 daAuts
